 Dungeon Crawl Stone Soup version 0.30-b1-2-g02819fbbbe (webtiles) character file.

Game seed: 11436188588693312171

75 Alarkh the Shooter (level 4, -4/35 HPs)
             Began as a Demonspawn Hunter on July 11, 2023.
             Killed by an exploding Terence (33 damage)
             ... ignited by their inner flame
             ... on level 2 of the Dungeon.
             The game lasted 00:02:01 (1441 turns).

Alarkh the Shooter (Demonspawn Hunter)              Turns: 1441, Time: 00:02:02

Health: -4/35      AC:  9    Str: 11    XL:     4   Next: 11%
Magic:  4/4        EV: 11    Int: 16    God:
Gold:   38         SH:  5    Dex: 16    Spells: 3/3 levels left

rFire   . . .        a - +0 shortbow
rCold   + + .        (shield currently unavailable)
rNeg    . . .        c - +0 leather armour
rPois   .            (no helmet)
rElec   .            (no cloak)
rCorr   .            m - +5 pair of gloves "Tostruipa" {rC+ Int+3 SInv}
SInv    +            (no boots)
Will    .....        j - amulet of reflection
Stlth   +            l - ring of protection from cold
HPRegen 0.25/turn    (no ring)
MPRegen 0.09/turn

%: reflection
@: no status effects
A: weakness stinger 1
a: no special abilities


You were on level 2 of the Dungeon.
You visited 1 branch of the dungeon, and saw 2 of its levels.

You collected 38 gold pieces.

Inventory:

Hand Weapons
 a - a +0 shortbow (weapon)
Armour
 c - a +0 leather armour (worn)
 m - the +5 pair of gloves "Tostruipa" (worn) {rC+ Int+3 SInv}
   (You found it on level 2 of the Dungeon)

   Int:       It affects your intelligence (+3).
   rC:        It protects you from cold.
   SInv:      It lets you see invisible.
Jewellery
 j - an amulet of reflection (around neck)
 l - a ring of protection from cold (left hand)
Scrolls
 d - a scroll of summoning {unknown}
 f - a scroll of vulnerability
 g - a scroll of identify {unknown}
 i - 3 scrolls of teleportation
Potions
 e - a potion of flight


   Skills:
 + Level 3.0 Fighting
 * Level 4.7 Ranged Weapons
 - Level 1.7 Dodging
 - Level 0.8 Stealth


You had 3 spell levels left.
You didn't know any spells.
Your spell library was empty.

Dungeon Overview and Level Annotations

Branches:
Dungeon (2/15)

Altars:

Annotations:
D:2 1 runed translucent door, Crazy Yiuf


Innate Abilities, Weirdness & Mutations

You have a small tail.


Message History

The worm is heavily wounded.
You shoot an arrow. The arrow hits the worm.
The worm is severely wounded.
You shoot an arrow. The arrow hits the worm!
You kill the worm!
Your Fighting skill increases to level 3!
No target in view!
No target in view!
You see here a worm corpse.
Found a ring mail.
e - a potion of flight
There is an open door here.
You see here an adder skeleton.
You shoot an arrow. The arrow barely misses Terence.
Terence shouts!
You shoot an arrow.
The arrow hits Terence but does no damage.
Okay, then.
Really read the scroll of immolation?
As you read the scroll of immolation, it crumbles to dust.
The creatures around you are filled with an inner flame!
Terence hits you with a +0 mace of protection.
You shoot an arrow. The arrow barely misses Terence.
Terence misses you.
Terence hits you with a +0 mace of protection.
You shoot an arrow.
The arrow hits Terence but does no damage.
Terence hits you but does no damage.
You shoot an arrow.
The arrow hits Terence but does no damage.
Terence hits you but does no damage.
You shoot an arrow. The arrow closely misses Terence.
Terence barely misses you.
You shoot an arrow. The arrow hits Terence.
Flame seeps out of Terence.
Terence is moderately wounded.
Terence is engulfed in blazing flames.
Flame seeps out of Terence.
Terence barely misses you.
Terence is engulfed in blazing flames.
Terence explodes!
The fiery explosion engulfs you!!
Ouch! That really hurt!
You die...

#.........####.##..####.###.
#............#..........# #.
#.........##.#......##### #.
#.........##.##.#...#######.
#.........##....#...........
####.....####.........######
#########.##§§...............
#..........#○#............###
#..........#@#########....# #
#..........#.# #....#
#..........#.# ######
#..........'.# #..........###
#..........# #..........#
############


There were no monsters in sight!

Vanquished Creatures
  Terence (D:2)
  3 adders (D:2)
  2 worms (D:2)
  2 dart slugs
  5 ball pythons
  3 bats
  2 endoplasms (D:1)
  2 giant cockroaches
  3 goblins (D:1)
  3 hobgoblins (D:1)
  5 kobolds
  6 frilled lizards
  5 rats (D:1)
42 creatures vanquished.

Notes
Turn   | Place    | Note
-------+----------+-------------------------------------------
     0 | D:1      | Alarkh the Demonspawn Hunter began the quest for the Orb.
     0 | D:1      | Reached XP level 1. HP: 16/16 MP: 1/1
   145 | D:1      | Gained mutation: You have a small tail. [demonic ancestry]
   145 | D:1      | Reached XP level 2. HP: 22/22 MP: 2/2
   155 | D:1      | Reached skill level 4 in Ranged Weapons
   550 | D:1      | Reached XP level 3. HP: 28/28 MP: 3/3
   985 | D:2      | Found a runed translucent door.
   986 | D:2      | Noticed Crazy Yiuf
  1089 | D:2      | Identified the +5 pair of gloves "Tostruipa" {rC+ Int+3
                  | SInv}
  1162 | D:2      | Noticed Terence
  1186 | D:2      | Reached XP level 4. HP: 20/34 MP: 4/4
  1441 | D:2      | Killed Terence
  1441 | D:2      | Killed by an exploding Terence... ignited by their inner
                  | flame

Illustrated notes

Levels and vault maps discovered:
D:1:      amcnicky_arrival_flooded_fountain, layout_loops_ring
D:2:      layout_basic, grunt_ministairs_9, uniq_terence,
          uniq_crazy_yiuf_cottage

Skill      XL: |  1  2  3  4 |
---------------+-------------+-----
Ranged Weapons | 4 |  4.7
Fighting       | 3 |  3.0
Dodging        | |  1.7
Stealth        | |  0.8

Action                     |  1- 3 |  4- 6 || total
---------------------------+-------+-------++-------
   Fire: Shortbow          |   100 |    25 ||   125
    Use: Potion            |     3 |       ||     3
         Scroll            |     2 |     1 ||     3
 Armour: Leather armour    |    16 |    10 ||    26
  Dodge: Dodged            |    38 |    22 ||    60
  Block: Other             |     9 |     6 ||    15
